 Dungeon Crawl Stone Soup version 0.23.2-30-g0e89c35649 (webtiles) character file.

Game seed: 7790985092159567204

217 Hivemind the Cudgeler (level 5, 0/45 HPs)
             Began as a Hill Orc Fighter on June 9, 2019.
             Slain by an orc wizard
             ... wielding a +0 dagger
              (3 damage)
             ... on level 3 of the Dungeon.
             The game lasted 00:09:12 (3351 turns).

Hivemind the Cudgeler (Hill Orc Fighter)            Turns: 3351, Time: 00:09:12

Health: 0/45       AC:  9    Str: 24    XL:     5   Next: 94%
Magic:  5/5        EV:  8    Int:  8    God:
Gold:   146        SH:  0    Dex: 11    Spells: 4/4 levels left

rFire    + . .     SeeInvis .   a - +0 flail
rCold    . . .     Gourm    .   c - +0 shield
rNeg     . . .     Faith    .   b - +0 scale mail
rPois    .         Spirit   .   (no helmet)
rElec    .         Reflect  .   (no cloak)
rCorr    .         Harm     .   (no gloves)
MR       .....                  j - +0 pair of boots (curse)
Stlth    ..........             (no amulet)
HPRegen  0.15/turn              l - ring of protection from fire
MPRegen  0.09/turn              q - +1 ring of protection

@: confused, mighty, lethally poisoned (0 -> -2)
A: no striking features
a: no special abilities


You were on level 3 of the Dungeon.
You were very hungry.

You visited 1 branch of the dungeon, and saw 4 of its levels.

You collected 146 gold pieces.

Inventory:

Hand Weapons
 a - a +0 flail (weapon)
Armour
 b - a +0 scale mail (worn)
 c - a +0 shield (worn)
 j - a cursed +0 pair of boots (worn)
Jewellery
 h - a +2 ring of slaying {unknown}
 l - a ring of protection from fire (left hand)
 q - a +1 ring of protection (right hand)
Wands
 n - a wand of flame (4)
Scrolls
 k - a scroll of magic mapping {unknown}
 r - 5 scrolls of identify {unknown}
Potions
 e - 2 potions of curing {unknown}
 g - 2 potions of cancellation {unknown}
 i - a potion of resistance {unknown}
 m - 2 potions of berserk rage {unknown}
 o - a potion of heal wounds {unknown}
 p - a potion of degeneration {unknown}
 s - a potion of haste
Comestibles
 f - 4 rations


   Skills:
 - Level 3.6 Fighting
 + Level 5.8 Maces & Flails
 - Level 3.2 Armour
 - Level 1.6 Dodging
 - Level 0.7 Stealth
 - Level 3.2 Shields


You had 4 spell levels left.
You didn't know any spells.
Your spell library was empty.

Dungeon Overview and Level Annotations

Branches:
Dungeon (4/15)
 Temple: D:4-7

Altars:
Fedhas
Hepliaklqana
Zin


Message History

* * * LOW HITPOINT WARNING * * *
You closely miss something.
You feel sick. You block something's attack. Something hits you.
* * * LOW HITPOINT WARNING * * *
You barely miss something. Something hits you but does no damage.
Your shield and scale mail prevent you from hitting something.
You feel sick.
An orc wizard appears from thin air!
Reactivating autopickup.
The orc wizard casts a spell at you.
You are confused.
You bump into the rock wall.
The orc wizard points at you and mumbles some strange words.
You are more confused.
You bump into the rock wall.
The orc wizard hits you but does no damage.
You miss the orc wizard.
You feel sick.
The orc wizard hits you but does no damage.
You bump into the rock wall.
The orc wizard hits you with a +0 dagger.
You die...

#####.#.#.# #.#.
#.#.#.# #.#. #.#.#.#
#.#. #.#.#.# #.#.
#.#.#.# #.#. #.#.#.#
#.#. #.#.#.# #.#.
######.#.#.# #.#.
#.)o@#.#.#.# #.#.
##.#.#.#.#.# #.#.
#.#.#.#.#.# #.#.
#.#.#.#.#.# #.#.
#.#.#.#.#.# #.#.
#.#.#)#.#.# #.#.
##.#.#.#.#.#######.#.
#......#.#.........#.
####.###.#...........


You could see an orc wizard.

Vanquished Creatures
  An orc priest (D:3)
  Jessica (D:3)
  A worker ant (D:4)
  A hound skeleton (D:4)
  6 adders
  2 dart slugs
  2 leopard geckos
  4 orcs (D:3)
  9 bats
  2 giant cockroaches
  6 goblins
  11 hobgoblins
  4 jackals
  9 kobolds
  2 frilled lizards
  3 rats
64 creatures vanquished.

Notes
Turn   | Place    | Note
-------+----------+-------------------------------------------
     0 | D:1      | Hivemind the Hill Orc Fighter began the quest for the Orb.
     0 | D:1      | Reached XP level 1. HP: 19/19 MP: 1/1
   191 | D:1      | Reached XP level 2. HP: 21/26 MP: 2/2
   250 | D:1      | Reached skill level 3 in Maces & Flails
   859 | D:2      | Reached XP level 3. HP: 28/31 MP: 3/3
  1312 | D:2      | Reached skill level 4 in Maces & Flails
  1439 | D:2      | Reached skill level 1 in Dodging
  1502 | D:2      | Found a blossoming altar of Fedhas.
  1520 | D:2      | Found a hazy altar of Hepliaklqana.
  1527 | D:2      | Found a glowing silver altar of Zin.
  1535 | D:2      | Reached XP level 4. HP: 39/39 MP: 4/4
  1895 | D:3      | Noticed Jessica
  2264 | D:3      | Reached XP level 5. HP: 34/45 MP: 5/5
  2349 | D:3      | Killed Jessica
  2349 | D:3      | Reached skill level 5 in Maces & Flails
  2557 | D:3      | Found a blossoming altar of Fedhas.
  3223 | D:4      | Noticed an ogre
  3351 | D:3      | Slain by an orc wizard

Skill      XL: |  1  2  3  4  5 |
---------------+----------------+-----
Maces & Flails | 3 4 5 |  5.8
Dodging        | 1 |  1.6
Fighting       | |  3.6
Armour         | |  3.2
Stealth        | |  0.7
Shields        | |  3.2

Action                   |  1- 3 |  4- 6 || total
-------------------------+-------+-------++-------
Melee: Flail             |   127 |   124 ||   251
Evoke: Wand              |       |     6 ||     6
  Use: Potion            |       |     1 ||     1
  Eat: Chunk             |     2 |     5 ||     7
Armor: Scale mail        |    77 |    92 ||   169
Dodge: Dodged            |    55 |    44 ||    99
Block: Shield            |    70 |    61 ||   131
